Map: [ESL] Amphion

Players

NightPhoenix - Winner!

  • Race: Protoss Protoss
  • Spawn Location: 7:00

uThermal

  • Race: Zerg Zerg
  • Spawn Location: 11:00

Event: ESL SC2 Masters 2024 Spring (Regional)

VOD

Have the link to the VOD?

Description

Time

  • Played on: April 19, 2024, 10:34 a.m.
  • Length: 2:44

All games in this series

Show
View Real Time Build Order
Export as new Build Order

NightPhoenix Protoss - Winner!

Build Orders:  

Get SALT Encoding   

  12  0:00  Probe  
  13  0:12  Probe  
  14  0:21  Pylon  
  14  0:24  Probe  
  15  0:39  Probe (Chrono Boost)  
  15  0:40  Gateway  
  17  0:51  Probe (Chrono Boost), Assimilator  
  17  0:57  Probe (Chrono Boost)  
  18  1:05  Probe  
  19  1:17  Probe  
  20  1:21  Gateway  
  20  1:27  Cybernetics Core  
  20  1:29  Zealot (Chrono Boost)  
  22  1:35  Pylon  
  22  1:51  Probe  
  22  1:54  Zealot (Chrono Boost)  
  25  2:12  Stalker (Chrono Boost)  
Show
View Real Time Build Order
Export as new Build Order

uThermal Zerg 

Build Orders: Hatch First 

Get SALT Encoding   

  12  0:00  Drone  
  13  0:13  Overlord  
  13  0:18  Drone  
  14  0:32  Drone x2  
  16  0:53  Hatchery  
  16  0:55  Drone  
  16  0:59  Extractor  
  16  1:01  Drone  
  16  1:15  Spawning Pool  
  15  1:20  Drone  
  15  1:25  Drone  
  17  1:31  Drone  
  18  2:05  Zergling x6  
  18  2:08  Zergling x2  
Tags
 
Add a new tag
Caveats
  • Supply blocks, unpowered buildings, or Contaminate may cause inaccurate times.
  • Supply counts are checked every 10 seconds.